Map: Blackburn LE

Players

ShoWTimE - Winner!

  • Race: Protoss Protoss

souL

  • Race: Terran Terran

Event: DreamHack SC2 Masters 2021 Fall

VOD

Have the link to the VOD?

Description

Time

  • Played on: Aug. 12, 2021, 1:19 p.m.
  • Length: 5:00

All games in this series

Show
View Real Time Build Order
Export as new Build Order

ShoWTimE Protoss - Winner!

Build Orders: Oracle Opening 

Get SALT Encoding   

  12  0:00  Probe  
  13  0:12  Probe  
  14  0:18  Pylon  
  14  0:24  Probe  
  15  0:36  Gateway  
  15  0:37  Probe (Chrono Boost)  
  16  0:46  Probe (Chrono Boost)  
  16  0:47  Assimilator  
  17  0:51  Probe (Chrono Boost)  
  18  1:03  Probe  
  19  1:15  Probe  
  20  1:20  Pylon  
  20  1:25  Cybernetics Core  
  20  1:27  Probe  
  20  1:55  Nexus  
  20  2:00  Probe  
  21  2:02  Adept (Chrono Boost)  
  23  2:10  Assimilator  
  23  2:14  Probe  
  24  2:22  Adept (Chrono Boost)  
  24  2:26  Probe  
  27  2:35  Stargate  
  27  2:38  Probe  
  28  2:45  Adept  
  28  2:50  Probe  
  31  2:52  Warp Gate  
  31  3:00  Shield Battery  
  31  3:07  Probe  
  31  3:10  Probe  
  33  3:15  Adept  
  33  3:19  Probe  
  36  3:21  Oracle (Chrono Boost)  
  36  3:22  Probe  
  40  3:31  Probe  
  41  3:34  Pylon, Probe  
  42  3:46  Probe (Chrono Boost)  
  42  3:47  Probe (Chrono Boost)  
  44  3:52  Oracle (Chrono Boost)  
  49  3:56  Probe (Chrono Boost)  
  49  3:57  Gateway  
  49  3:58  Probe (Chrono Boost)  
  49  4:01  Probe (Chrono Boost)  
  49  4:09  Pylon  
  52  4:19  Gateway  
  52  4:20  Gateway  
  52  4:22  Pylon  
  50  4:26  Oracle (Chrono Boost)  
  53  4:40  Stalker  
  53  4:42  Shield Battery  
Show
View Real Time Build Order
Export as new Build Order

souL Terran 

Build Orders:  

Get SALT Encoding   

  12  0:00  SCV  
  13  0:12  SCV  
  14  0:17  Supply Depot  
  14  0:24  SCV  
  15  0:38  SCV  
  15  0:40  Barracks  
  16  0:50  SCV  
  16  0:52  Refinery  
  17  1:03  SCV, Engineering Bay  
  18  1:16  SCV  
  19  1:27  Marine  
  19  1:29  Orbital Command  
  20  1:38  Barracks  
  19  1:48  Barracks  
  19  1:50  Barracks Tech Lab  
  19  1:51  Supply Depot  
  19  1:55  SCV  
  20  2:08  Concussive Shells  
  20  2:09  Marauder  
  20  2:10  SCV  
  20  2:15  Refinery  
  23  2:22  SCV  
  24  2:27  Barracks Reactor  
  24  2:30  Marauder  
  24  2:35  Supply Depot  
  24  2:36  Barracks Tech Lab  
  26  2:39  SCV  
  27  2:51  Marine, SCV  
  28  2:55  Stimpack  
  29  3:00  Marauder  
  31  3:05  Marine  
  31  3:09  Marine, Marauder  
  35  3:16  Supply Depot  
  35  3:20  Combat Shield  
  35  3:24  Marine  
  36  3:27  Marine  
  36  3:30  Marauder  
  39  3:38  Marauder  
  39  3:40  Supply Depot  
  41  3:44  Marine  
  41  3:45  Marine  
  43  3:54  Marauder  
  45  4:02  Marauder  
  47  4:06  Marine  
  48  4:14  Marine  

Tags
 
Add a new tag
Caveats
  • Supply blocks, unpowered buildings, or Contaminate may cause inaccurate times.
  • Supply counts are checked every 10 seconds.